 Dungeon Crawl Stone Soup version 0.19-a0-1782-g9923417 (webtiles) character file.

224061 TimeCube the Slayer (level 19, -10/228 HPs)
             Began as an Ogre Gladiator on Dec 3, 2016.
             Was the Champion of Okawaru.
             Shot with an arrow by a deep elf master archer (23 damage)
             ... in the Elven Halls on Dec 4, 2016.
             The game lasted 01:39:02 (43515 turns).

TimeCube the Slayer (Ogre Gladiator)               Turns: 43515, Time: 01:39:03

Health: -10/228    AC: 12    Str: 25    XL:     19   Next: 28%
Magic:  28/31      EV: 18    Int:  7    God:    Okawaru [******]
Gold:   2043       SH: 14    Dex: 16    Spells: 2 memorised, 32 levels left

rFire  + + .     SeeInvis .     I - +2 demon whip (drain)
rCold  + . .     Faith    +     b - +0 mottled dragon scales
rNeg   . . .     Spirit   .     o - +2 shield of Resistance {rF+ rC+ MR+}
rPois  +         Reflect  .     c - +1 hat
rElec  +                        y - +1 cloak "Ympiw" {rElec rF+}
rCorr  .                        (gloves unavailable)
MR     ++...                    (boots unavailable)
Stlth  +.........               F - amulet of faith
                                X - +3 ring of evasion
                                q - ring of poison resistance

@: no status effects
A: unfitting armour, horns 1, tough skin 1
a: Heroism, Finesse, Renounce Religion
}: 1/15 runes: barnacled


You were in the Elven Halls.
You worshipped Okawaru.
Okawaru was exalted by your worship.
You were not hungry.

You visited 6 branches of the dungeon, and saw 25 of its levels.

You collected 2736 gold pieces.
You spent 693 gold pieces at shops.

Inventory:

Hand Weapons
 f - a +0 morningstar of holy wrath
 I - a +2 demon whip of draining (weapon)
Missiles
 d - 12 throwing nets
 e - 210 steel tomahawks
 m - 78 tomahawks of dispersal
 n - 68 silver tomahawks
 t - 164 javelins of penetration
 G - 328 large rocks (quivered)
Armour
 b - +0 mottled dragon scales (worn)
 c - a +1 hat (worn)
 o - the +2 shield of Resistance (worn) {rF+ rC+ MR+}
   (Okawaru gifted it to you on level 15 of the Dungeon)

   It protects you from fire.
   It protects you from cold.
   It affects your resistance to hostile enchantments.
 y - the +1 cloak "Ympiw" (worn) {rElec rF+}
   (You found it on level 1 of the Vaults)

   It protects you from fire.
   It insulates you from electricity.
Jewellery
 j - an uncursed ring of resist corrosion
 q - a ring of poison resistance (left hand)
 u - an uncursed amulet of guardian spirit
 F - an amulet of faith (around neck)
 V - an uncursed ring of see invisible
 X - a +3 ring of evasion (right hand)
Wands
 g - a wand of confusion (33/48)
 r - a wand of lightning (8/15)
 s - a wand of acid (5/15)
 H - a wand of enslavement (10/24)
 K - a wand of slowing (28/48)
 L - a wand of flame (11/48)
 O - a wand of flame (18/48)
 T - a wand of acid (7/15)
 Z - a wand of teleportation (3/9)
Scrolls
 i - a scroll of fog
 k - 4 scrolls of amnesia
 p - 5 scrolls of recharging
 v - a scroll of blinking
 z - 2 scrolls of brand weapon
 D - 7 scrolls of enchant armour
 J - a scroll of torment
 M - a scroll of identify
 Q - 2 scrolls of teleportation
 R - 2 scrolls of magic mapping
 S - a scroll of enchant weapon
 W - 4 scrolls of remove curse
Potions
 a - 3 potions of might
 h - 5 potions of brilliance
 l - 4 potions of cure mutation
 w - 3 potions of invisibility
 x - 3 potions of flight
 B - a potion of agility
 C - 4 potions of berserk rage
 E - a potion of haste
 N - a potion of resistance
 P - 2 potions of magic
 U - 2 potions of lignification
 Y - 3 potions of cancellation


   Skills:
 + Level 22.7 Fighting
 - Level 16.0 Maces & Flails
 + Level 16.1 Throwing
 - Level 8.0 Armour
 - Level 9.2 Dodging
 - Level 9.0 Shields
 - Level 8.8 Spellcasting
 - Level 10.1 Invocations


You had 32 spell levels left.
You knew the following spells:

 Your Spells              Type           Power        Failure   Level  Hunger
a - Repel Missiles        Chrm/Air       #.....       38%         2    ##.....
b - Summon Butterflies    Summ           #.......     24%         1    None


Dungeon Overview and Level Annotations

Branches:
Dungeon (15/15)            Temple (1/1) D:3          Shoals (3/3) D:14
    Orc (2/2) D:8             Elf (1/1) Vaults:2     Vaults (3/3) D:15
 Depths (0/3) D:15
   Lair: D:-1         Snake: D:13-14     Spider: D:13-14      Crypt: Vaults:-1
   Tomb: Vaults:-1

Altars:
Ashenzari
Cheibriados
Dithmenos
Elyvilon
Fedhas
Gozag
Kikubaaqudgha
Makhleb
Okawaru
Qazlal
Ru
Trog
Uskayaw
Vehumet
Yredelemnul
The Shining One
Beogh

Shops:
Orc:2 :(*[   Shoals:2 !

Portals:
Trove: D:11 (give 3 potions of cure mutation)


Innate Abilities, Weirdness & Mutations

You are too large for most types of armour.
You have tough skin. (AC +1)
You have a pair of small horns on your head.


Message History

You hit the deep elf master archer (5).
You headbutt the deep elf master archer, but do no damage.
The deep elf master archer is severely wounded.
The deep elf master archer shoots an arrow.
The arrow hits you (12)!
* * * LOW HITPOINT WARNING * * *
Okay, then.
You closely miss the deep elf master archer.
The deep elf master archer is severely wounded.
You hit the deep elf master archer but do no damage.
You headbutt the deep elf master archer, but do no damage.
The deep elf master archer is severely wounded.
The deep elf master archer shoots an arrow.
The arrow hits you (7)!
* * * LOW HITPOINT WARNING * * *
You hit the deep elf master archer but do no damage.
The deep elf master archer is severely wounded.
The deep elf master archer shoots an arrow.
The arrow hits you (23)!!
You die...

.......................###
.........................###
..................≈≈≈≈≈....#
................≈≈≈≈≈≈≈≈≈..##
≈≈≈≈≈≈≈≈≈≈≈≈≈≈≈≈≈≈#####≈≈≈..#
≈≈≈≈≈≈≈≈≈≈≈≈≈≈≈≈≈##...##≈≈..##
##################.....##≈≈..#
.. .......'.......#≈≈..# ..
......e@)......#≈≈..# ####
####'###.......#≈≈..# ...#
.....##.....##≈≈..# ...+
......##...##≈≈...# ...#
/......##'##≈≈≈...# e###
#...'..#≈≈....# ...
#...#..#≈≈....# ...@.
#...#..#≈≈....# .......
#...#..#≈≈....#


You could see a deep elf master archer.

Vanquished Creatures
  A golden dragon (Vaults:1)
  2 deep elf master archers (Elf)
  A deep elf blademaster (Elf)
  Asterion (Elf)
  2 sphinxes
  Donald (Elf)
  Ilsuiw (Shoals:3)
  A frost giant (Shoals:2)
  An orc warlord (Orc:2)
  7 vault wardens
  2 deep elf sorcerers (Elf)
  2 stone giants (Vaults:2)
  A deep elf elementalist (Elf)
  4 ironheart preservers
  An elemental wellspring (Shoals:1)
  A war gargoyle (Vaults:2)
  2 deep elf demonologists (Elf)
  An ettin (Orc:1)
  Snorg (D:12)
  8 merfolk javelineers
  9 merfolk impalers
  2 fire dragons
  7 yaktaur captains
  2 deep elf high priests (Elf)
  Erolcha (Orc:1)
  2 great orbs of eyes (Vaults:2)
  4 ice dragons
  3 vault guards (Vaults:2)
  A hydra (D:13)
  A catoblepas (D:14)
  7 ogre magi
  13 centaur warriors
  5 merfolk aquamancers
  A death knight (Vaults:2)
  12 death yaks
  Erica (D:8)
  4 satyrs
  3 orc high priests
  2 deep troll shamans (Vaults:1)
  2 dancing weapons (Elf)
  2 deep elf knights
  Urug (D:12)
  A small abomination (Elf)
  A glowing orange brain (Vaults:1)
  6 deep trolls (Vaults:1)
  Pikel (D:7)
  13 sea snakes
  5 hill giants
  2 ironbrand convokers (Vaults:2)
  4 deep elf archers
  A phantasmal warrior (Vaults:2)
  3 wizards (Vaults:2)
  14 harpies
  2 necromancers (Vaults:2)
  A harpy (shapeshifter) (Vaults:2)
  13 orc knights
  10 deep elf magi
  12 manticores
  A hornet (Vaults:2)
  An orb spider (shapeshifter) (Vaults:1)
  6 cyclopes
  A shining eye (shapeshifter) (D:14)
  12 sirens
  8 orc sorcerers
  15 ugly things
  18 fauns
  3 human skeletons (Vaults:2)
  7 vault sentinels
  3 water nymphs
  2 centaur zombies
  A gargoyle (D:14)
  3 torpor snails
  A torpor snail (shapeshifter) (Vaults:1)
  6 spiny frogs
  A rime drake (D:9)
  An efreet (D:14)
  3 freezing wraiths
  A komodo dragon (shapeshifter) (Vaults:2)
  47 yaktaurs
  A harpy zombie (D:14)
  A meliai (shapeshifter) (Vaults:1)
  6 wind drakes
  A troll (shapeshifter) (Vaults:2)
  Grinder (D:3)
  A harpy skeleton (D:15)
  Prince Ribbit (D:7)
  7 trolls
  37 merfolk
  A polar bear (D:9)
  10 two-headed ogres
  2 dream sheep (Shoals:3)
  9 blink frogs (D:12)
  9 snapping turtles
  20 slime creatures
  A centaur simulacrum (D:15)
  16 water elementals
  An air elemental (Elf)
  5 wyverns
  39 yaks
  A vampire (D:10)
  2 humans (shapeshifter)
  2 fire elementals (Elf)
  A hog (shapeshifter) (Vaults:2)
  2 angry ghosts
  6 vampire mosquitoes (D:15)
  Edmund (D:6)
  3 mottled dragons
  Menkaure (D:7)
  A swamp worm (shapeshifter) (D:14)
  6 wargs
  3 water moccasins
  A spiny frog skeleton (D:10)
  52 orc warriors
  11 ice beasts
  A blink frog zombie (D:10)
  2 phantoms
  4 wasps
  2 slaves (D:7)
  2 boggarts
  42 ogres
  2 crocodiles (shapeshifter)
  22 centaurs
  A rime drake zombie (D:12)
  A big kobold (D:15)
  2 rime drake skeletons
  A bullfrog (shapeshifter) (Vaults:1)
  2 human zombies (Vaults:2)
  A bullfrog (D:8)
  4 wyvern zombies
  5 gnoll sergeants (D:8)
  A wyvern skeleton (D:8)
  A scorpion (D:4)
  A killer bee (D:10)
  A blink frog simulacrum (D:9)
  A wight (D:8)
  A howler monkey (D:7)
  3 electric eels
  A bullfrog zombie (D:5)
  3 quasits
  2 hounds (D:4)
  3 wasp zombies
  3 wyvern simulacra (D:9)
  11 orc priests
  8 jellies
  21 orc wizards
  3 centaur skeletons
  2 iguanas
  8 worker ants
  2 killer bee zombies (D:6)
  A hound zombie (D:5)
  2 hound skeletons (D:5)
  Robin (D:3)
  15 adders
  3 gnolls (D:8)
  A shadow imp (D:9)
  4 white imps
  2 oozes (D:1)
  3 leopard geckos
  79 orcs
  2 ball pythons
  2 bats
  5 giant cockroaches
  11 goblins
  11 hobgoblins
  8 jackals
  12 kobolds
  4 quokkas
  6 frilled lizards
  A jackal skeleton (D:5)
  A leopard gecko skeleton (D:5)
  A leopard gecko zombie (D:5)
  8 rats
971 creatures vanquished.

Vanquished Creatures (collateral kills)
  A cyclops (Shoals:1)
  A wind drake (Shoals:1)
  4 dream sheep (Shoals:1)
6 creatures vanquished.

Vanquished Creatures (others)
  A water nymph (Shoals:3)
  A golden eye (shapeshifter) (D:14)
  A slave (D:7)
  A jelly (D:7)
  An iguana (D:7)
  An orc (D:7)
  A giant cockroach (D:7)
  24 fungi
  28 plants
59 creatures vanquished.

Grand Total: 1036 creatures vanquished

Notes
Turn   | Place    | Note
-------+----------+-------------------------------------------
     0 | D:1      | TimeCube the Ogre Gladiator began the quest for the Orb.
     0 | D:1      | Reached XP level 1. HP: 22/22 MP: 1/1
     9 | D:1      | Reached skill level 3 in Fighting
    37 | D:1      | Reached XP level 2. HP: 27/31 MP: 2/2
   258 | D:1      | Reached XP level 3. HP: 37/37 MP: 3/3
   770 | D:2      | Reached skill level 4 in Fighting
   770 | D:2      | Reached skill level 5 in Maces & Flails
   770 | D:2      | Reached XP level 4. HP: 39/48 MP: 4/4
   849 | D:2      | Found a snail-covered altar of Cheibriados.
  1218 | D:3      | Found a staircase to the Ecumenical Temple.
  1249 | D:3      | Reached XP level 5. HP: 43/55 MP: 5/5
  1278 | Temple   | Entered the Ecumenical Temple
  1294 | Temple   | Became a worshipper of Warmaster Okawaru
  1421 | D:3      | Noticed Grinder
  1443 | D:3      | Killed Grinder
  1443 | D:3      | Reached * piety under Okawaru
  1443 | D:3      | Reached skill level 5 in Fighting
  1443 | D:3      | Reached skill level 1 in Shields
  1443 | D:3      | Reached XP level 6. HP: 30/66 MP: 6/6
  1564 | D:3      | Noticed Robin
  1585 | D:3      | Killed Robin
  2111 | D:3      | Reached XP level 7. HP: 71/72 MP: 7/7
  2681 | D:4      | Found a shattered altar of Ashenzari.
  2915 | D:4      | Reached skill level 6 in Fighting
  2993 | D:4      | Found a radiant altar of Vehumet.
  2993 | D:4      | Found a bloodstained altar of Trog.
  3308 | D:5      | Entered Level 5 of the Dungeon
  3357 | D:5      | Found a hide-covered altar of Uskayaw.
  3479 | D:5      | Reached XP level 8. HP: 83/83 MP: 8/8
  3526 | D:5      | Reached ** piety under Okawaru
  3924 | D:5      | Reached skill level 7 in Fighting
  3949 | D:5      | Reached skill level 10 in Maces & Flails
  4113 | D:5      | Found a white marble altar of Elyvilon.
  4515 | D:6      | Reached *** piety under Okawaru
  4857 | D:6      | Found a shadowy altar of Dithmenos.
  4973 | D:6      | Found a basalt altar of Yredelemnul.
  5033 | D:6      | Noticed Edmund
  5062 | D:6      | Reached XP level 9. HP: 28/96 MP: 9/9
  5064 | D:6      | Killed Edmund
  5064 | D:6      | Reached skill level 8 in Fighting
  5613 | D:7      | Noticed a spiny frog
  5622 | D:7      | Killed a spiny frog
  5622 | D:7      | Reached skill level 5 in Shields
  5643 | D:7      | Noticed Pikel
  5673 | D:7      | Killed Pikel
  5673 | D:7      | Reached **** piety under Okawaru
  5673 | D:7      | Reached skill level 9 in Fighting
  5747 | D:7      | Reached skill level 1 in Invocations
  5847 | D:7      | Noticed Prince Ribbit
  5883 | D:7      | Killed Prince Ribbit
  6239 | D:7      | Noticed Menkaure
  6243 | D:7      | Killed Menkaure
  6243 | D:7      | Reached XP level 10. HP: 107/107 MP: 11/11
  6737 | D:8      | Reached skill level 10 in Fighting
  6758 | D:8      | Reached ***** piety under Okawaru
  6885 | D:8      | Noticed Erica
  6899 | D:8      | Killed Erica
  6899 | D:8      | Received a gift from Okawaru
  7058 | D:8      | Found a staircase to the Orcish Mines.
  7400 | D:8      | Reached skill level 5 in Invocations
  7482 | D:8      | Reached skill level 11 in Fighting
  7672 | D:7      | HP: 2/113 [ogre/giant club (20)]
  8140 | D:8      | Received a gift from Okawaru
  8140 | D:8      | Reached XP level 11. HP: 34/120 MP: 15/15
  9164 | D:9      | Reached skill level 12 in Fighting
  9187 | D:9      | Received a gift from Okawaru
  9337 | D:9      | Noticed an orc sorcerer
  9352 | D:9      | Killed an orc sorcerer
  9770 | D:10     | Entered Level 10 of the Dungeon
 10028 | D:10     | Found a roughly hewn altar of Beogh.
 10631 | D:10     | Noticed a hill giant
 10640 | D:10     | Killed a hill giant
 10640 | D:10     | Reached skill level 13 in Fighting
 10903 | D:10     | Reached XP level 12. HP: 108/136 MP: 18/18
 11495 | D:11     | Noticed an orc high priest
 11625 | D:11     | Reached skill level 5 in Dodging
 11635 | D:11     | Killed an orc high priest
 11635 | D:11     | Reached ****** piety under Okawaru
 11635 | D:11     | Received a gift from Okawaru
 12005 | D:11     | Found a portal to a secret trove of treasure.
 12237 | D:12     | Reached skill level 14 in Fighting
 12257 | D:12     | Reached skill level 10 in Invocations
 12267 | D:12     | Noticed Urug
 12282 | D:12     | Killed Urug
 12574 | D:12     | Learned a level 2 spell: Repel Missiles
 12616 | D:12     | Noticed Snorg
 12631 | D:12     | Killed Snorg
 12631 | D:12     | Reached skill level 1 in Spellcasting
 12716 | D:12     | Received a gift from Okawaru
 12902 | D:12     | Reached XP level 13. HP: 135/148 MP: 20/20
 12997 | D:12     | Reached skill level 15 in Fighting
 13019 | D:12     | Received a gift from Okawaru
 13046 | D:12     | Reached skill level 5 in Spellcasting
 13671 | D:12     | Reached skill level 1 in Armour
 14299 | D:13     | Received a gift from Okawaru
 14406 | D:13     | Learned a level 1 spell: Summon Butterflies
 14684 | D:13     | HP: 7/152 [cyan ugly thing (17)]
 14700 | D:13     | Reached skill level 16 in Fighting
 15448 | D:14     | Found a staircase to the Shoals.
 16123 | D:14     | Reached XP level 14. HP: 117/162 MP: 23/25
 17082 | D:14     | Reached skill level 5 in Armour
 17310 | D:15     | Entered Level 15 of the Dungeon
 17325 | D:15     | Received a gift from Okawaru
 17634 | D:15     | Reached skill level 17 in Fighting
 17711 | D:15     | Identified a scroll of acquirement
 17912 | D:15     | Found a staircase to the Depths.
 18725 | D:15     | Found a gate to the Vaults.
 19151 | Orc:1    | Entered Level 1 of the Orcish Mines
 19558 | Orc:1    | Noticed Erolcha
 19565 | Orc:1    | Killed Erolcha
 19716 | Orc:1    | Reached skill level 5 in Throwing
 19829 | Orc:2    | Entered Level 2 of the Orcish Mines
 20281 | Orc:2    | Found a roughly hewn altar of Beogh.
 20362 | Orc:2    | Noticed an orc warlord
 20362 | Orc:2    | Found Kamaf's Antique Armour Emporium.
 20385 | Orc:2    | Found Kerrudi's General Store.
 21523 | Orc:2    | Killed an orc warlord
 21523 | Orc:2    | Reached XP level 15. HP: 106/176 MP: 25/27
 21673 | Orc:2    | Found Ebrighot's Antique Weapon Shop.
 21695 | Orc:2    | Received a gift from Okawaru
 22161 | Orc:2    | Reached skill level 18 in Fighting
 22267 | Orc:2    | Found Yjovosan's Antique Weapon Shop.
 22410 | Orc:2    | Found Zoluruis's Book Boutique.
 22497 | Orc:2    | Bought a runed demon whip for 693 gold pieces
 22744 | Shoals:1 | Entered Level 1 of the Shoals
 23290 | D:14     | Received a gift from Okawaru
 23627 | Shoals:1 | Found a stormy altar of Qazlal.
 24946 | Vaults:1 | Entered Level 1 of the Vaults
 25026 | Vaults:1 | Noticed a vault warden
 25249 | Vaults:1 | Killed a vault warden
 25544 | Vaults:1 | Received a gift from Okawaru
 26119 | Vaults:1 | Noticed a sphinx
 26151 | Vaults:1 | Killed a sphinx
 26338 | Vaults:1 | Got a crude cloak
 26349 | Vaults:1 | Identified the +1 cloak "Ympiw" {rElec rF+} (You found it on level 1 of the Vaults)
 26660 | Vaults:1 | Reached skill level 15 in Maces & Flails
 26660 | Vaults:1 | Reached XP level 16. HP: 150/185 MP: 28/28
 26687 | Vaults:1 | Received a gift from Okawaru
 26687 | Vaults:1 | Reached skill level 10 in Throwing
 26964 | Vaults:1 | Received a gift from Okawaru
 28980 | Vaults:1 | Received a gift from Okawaru
 29048 | Vaults:1 | Noticed a golden dragon
 29069 | Vaults:1 | Killed a golden dragon
 29078 | Vaults:1 | Received a gift from Okawaru
 29500 | Vaults:1 | Reached skill level 19 in Fighting
 31186 | Vaults:2 | Received a gift from Okawaru
 31441 | Vaults:2 | Reached XP level 17. HP: 175/198 MP: 29/29
 31469 | Vaults:2 | Received a gift from Okawaru
 32646 | Vaults:2 | Reached skill level 20 in Fighting
 32703 | Vaults:2 | Received a gift from Okawaru
 32960 | Vaults:2 | Noticed a sphinx
 32978 | Vaults:2 | Killed a sphinx
 33866 | Vaults:2 | Found a staircase to the Elven Halls.
 33940 | Vaults:2 | Received a gift from Okawaru
 34097 | Vaults:3 | Entered Level 3 of the Vaults
 35664 | Shoals:2 | Reached XP level 18. HP: 146/213 MP: 30/30
 36101 | Shoals:2 | Found Ujikeg's Distillery.
 36290 | Shoals:3 | Entered Level 3 of the Shoals
 36363 | Shoals:3 | Received a gift from Okawaru
 36408 | Shoals:3 | Noticed Ilsuiw
 36413 | Shoals:3 | Received a gift from Okawaru
 36628 | Shoals:2 | Reached skill level 21 in Fighting
 37443 | Shoals:3 | Killed Ilsuiw
 39014 | Shoals:3 | Received a gift from Okawaru
 39885 | Shoals:3 | Reached skill level 15 in Throwing
 40736 | Shoals:3 | Got a barnacled rune of Zot
 41060 | Vaults:2 | Reached skill level 22 in Fighting
 41315 | Elf      | Entered the Elven Halls
 41963 | Elf      | Gained mutation: You have a pair of small horns on your head. [potion of beneficial mutation]
 41993 | Elf      | Noticed Asterion
 42020 | Elf      | Killed Asterion
 42243 | Elf      | Noticed Donald
 42274 | Elf      | Killed Donald
 42274 | Elf      | Reached XP level 19. HP: 179/227 MP: 29/31
 42629 | Elf      | Received a gift from Okawaru
 42775 | Elf      | Received a gift from Okawaru
 43097 | Elf      | Received a gift from Okawaru
 43515 | Elf      | Shot with an arrow by a deep elf master archer

Vault maps used:
D:1:      erik_arrival_gehennom, corner_web_ring, solitary_fountain
D:2:      old_standard_altar
D:3:      first_bread, hangedman_decor_push, uniq_grinder, uniq_robin
D:4:      ashenzari_conservatory_becter, gammafunk_temple_overflow_wave
D:5:      lemuel_crystal_altar, basic_altar
D:6:      yredelemnul_altar_generic, grunt_dithmenos_smoke, uniq_edmund
D:7:      st_stairs_12, grunt_ogre_cave, uniq_pikel, uniq_menkaure,
          uniq_prince_ribbit1
D:8:      kennysheep_orc_monster_closet_entryway, st_stairs_11, uniq_erica
D:9:      serial_ice, serial_ice_j, serial_ice_b, serial_ice_o, serial_ice_m
D:10:     special_room, serial_bayou_pond_b, small_chamber_with_monster
D:11:     trove_entry_hex_spiral, kennysheep_diamond
D:12:     uniq_snorg, uniq_urug
D:14:     minmay_expanding_circles, shoals_dummy_entry,
          hangedman_decor_slide_cut
D:15:     grunt_enter_depths_hoard, hangedman_vaults_entry_quadrant_bands,
          corexii_hall_statues_i
Temple:   eino_temple_water
Shoals:1: wheals_shoals_ruined_temple
Shoals:2: argonaut_golden_fleece, serial_shops, shop
Shoals:3: shoals_end_grunt_ice, shoals_ilsuiw_ice
Orc:1:    serial_shops, uniq_erolcha
Orc:2:    grunt_orc_gardens, grunt_orc_garden, grunt_orc_garden,
          grunt_orc_garden, grunt_orc_garden, serial_shops,
          nicolae_shop_window_shopping, basic_altar
Elf:      minmay_elf_hall_circle, kennysheep_underground_church, uniq_nikola,
          uniq_donald, uniq_asterion
Vaults:1: v_misc_30, v_misc_22, v_alt_pattern_3, v_misc_8,
          ontoclasm_vaults_decontamination
Vaults:2: hangedman_vaults_variations, vaults_room_hallway,
          ontoclasm_vaults_bender, vaults_room_octagon,
          hangedman_vaults_slither, nicolae_vaults_network_s, v_misc_19,
          nicolae_vaults_network_star, v_pattern_5,
          nicolae_vaults_quartermaster, nicolae_vaults_little_squares_1,
          hangedman_vaults_locks, ontoclasm_vaults_fault,
          hangedman_vaults_corner_blocks

Skill      XL: |  1  2  3  4  5  6  7  8  9 10 11 12 13 14 15 16 17 18 19 |
---------------+----------------------------------------------------------+-----
Fighting       | 3 4 5 6 7 9 11 13 14 16 17 18 19 20 22 | 22.7
Dodging        | 3 4 6 7 9 |  9.2
Maces & Flails | 5 7 8 10 12 15 16 | 16.0
Shields        | 1 2 3 4 5 7 9 |  9.0
Invocations    | 2 6 8 10 | 10.1
Spellcasting   | 3 7 8 |  8.8
Armour         | 4 5 7 8 |  8.0
Throwing       | 5 9 11 13 15 16 | 16.1

Action                   |  1- 3 |  4- 6 |  7- 9 | 10-12 | 13-15 | 16-18 | 19-21 || total
-------------------------+-------+-------+-------+-------+-------+-------+-------++-------
Melee: Flail             |    18 |       |       |       |       |       |       ||    18
       Whip              |    45 |   140 |   406 |   895 |  1251 |       |       ||  2737
       Demon whip        |       |       |       |       |   518 |  2238 |   155 ||  2911
       Headbutt          |       |       |       |       |       |     9 |    45 ||    54
Throw: Throwing net      |       |       |     2 |       |       |       |       ||     2
       Large rock        |       |       |       |       |    30 |    40 |    10 ||    80
 Cast: Repel Missiles    |       |       |       |       |    13 |    13 |     3 ||    29
Invok: Heroism           |       |       |       |     4 |     9 |     4 |       ||    17
       Finesse           |       |       |       |       |     2 |     1 |       ||     3
  Use: Scroll            |       |     2 |    11 |     7 |    16 |     6 |     1 ||    43
       Potion            |       |       |     1 |       |     7 |    10 |       ||    18
 Stab: Sleeping          |     3 |       |       |       |       |       |       ||     3
       Distracted        |     1 |       |       |       |       |       |       ||     1
       Held in net/web   |       |       |     1 |       |       |       |       ||     1
       Invisible         |       |       |       |       |    10 |    16 |       ||    26
Armor: Robe              |    17 |    35 |    35 |    16 |       |       |       ||   103
       Mottled dragon sc |       |       |       |    16 |   125 |   239 |    12 ||   392
Dodge: Dodged            |    29 |    58 |    50 |   158 |   497 |   890 |    35 ||  1717
       Deflected         |       |       |       |       |    20 |    31 |     5 ||    56
Block: Large shield      |       |    41 |   121 |       |       |       |       ||   162
       Shield            |       |       |    41 |   315 |   671 |  1020 |    51 ||  2098
